 Dungeon Crawl Stone Soup version 0.20.1-1-g8b1a95d (webtiles) character file.

76 RepoMan the Firebug (level 4, -3/30 HPs)
             Began as a Mummy Fire Elementalist on Sept 22, 2017.
             Killed from afar by an orc wizard (6 damage)
             ... with a puff of flame
             ... on level 4 of the Dungeon.
             The game lasted 00:11:15 (2001 turns).

RepoMan the Firebug (Mummy Fire Elementalist)       Turns: 2001, Time: 00:11:15

Health: -3/30      AC:  3    Str: 11    XL:     4   Next: 12%
Magic:  7/8        EV: 12    Int: 15    God:
Gold:   80         SH:  0    Dex: 12    Spells: 0/9 levels left

rFire    x . .     SeeInvis .   f - +0 rapier (protect)
rCold    + . .     Gourm    .   (no shield)
rNeg     + + +     Faith    .   a - +0 robe
rPois    ∞         Spirit   .   (no helmet)
rElec    .         Reflect  .   (no cloak)
rCorr    .         Harm     .   (no gloves)
MR       .....                  g - +0 pair of boots
Stlth    +.........             (no amulet)
Regen    0.1/turn               (no ring)
MPRegen  0.2/turn               (no ring)

@: confused
A: no food or potions, fire vulnerability, cold resistance 1, negative energy
resistance 3, torment resistance, unbreathing
a: no special abilities


You were on level 4 of the Dungeon.
You were not hungry.

You visited 1 branch of the dungeon, and saw 4 of its levels.

You collected 80 gold pieces.

Inventory:

Hand Weapons
 f - a +0 rapier of protection (weapon)
 k - a +1 vampiric spear
Armour
 a - a +0 robe (worn)
 g - a +0 pair of boots (worn)
Scrolls
 c - a scroll of enchant armour {unknown}
 d - 5 scrolls of identify {unknown}
 e - 2 scrolls of enchant weapon {unknown}
 h - a scroll of amnesia {unknown}
 l - a scroll of remove curse {unknown}
Books
 b - a book of Flames

   Spells                             Type                      Level
   a - Flame Tongue                   Conjuration/Fire             1
   b - Throw Flame                    Conjuration/Fire             2
   c - Conjure Flame                  Conjuration/Fire             3
   d - Inner Flame                    Hexes/Fire                   3
   e - Sticky Flame                   Conjuration/Fire             4
   f - Fireball                       Conjuration/Fire             5


   Skills:
 - Level 1.5 Dodging
 - Level 1.5 Stealth
 + Level 3.3 Spellcasting
 * Level 1.8 Conjurations
 * Level 3.4 Fire Magic


You couldn't memorise any spells.
You knew the following spells:

 Your Spells              Type           Power        Failure   Level  Hunger
a - Flame Tongue          Conj/Fire      ##...        7%          1    N/A
b - Throw Flame           Conj/Fire      ##....       10%         2    N/A
c - Conjure Flame         Conj/Fire      ##......     21%         3    N/A
d - Inner Flame           Hex/Fire       #.......     28%         3    N/A

Dungeon Overview and Level Annotations

Branches:
Dungeon (4/15)
 Temple: D:4-7

Altars:

Annotations:
D:2 Robin, Sigmund


Innate Abilities, Weirdness & Mutations

You do not eat or drink.
Your flesh is vulnerable to fire.
You are immune to poison.
Your flesh is cold resistant. (rC+)
You are immune to negative energy. (rN+++)
You are immune to unholy pain and torment.
You can survive without breathing.


Message History

The orc wizard gestures at you while chanting.
The magic dart hits you!
* * * LOW HITPOINT WARNING * * *
You're too confused!
You're too confused to move!
The orc wizard closely misses you.
You're too confused to move!
The orc wizard points at you and mumbles some strange words.
You are more confused.
The orc wizard casts a spell.
The orc wizard flickers and vanishes!
Deactivating autopickup; reactivate with Ctrl-A.
Unknown command.
Unknown command.
Something hits you but does no damage.
You bump into the rock wall.
Something hits you.
* * * LOW HITPOINT WARNING * * *
You hear some strange, mumbled words.
A puff of flame appears from out of thin air!
The puff of flame hits you! The fire burns you terribly!
You die...

.# ...... . #.# .. .. #.##.#
.##.## .. #. #.##.# ....
.##.#####<##.# #..#
oo.!.....##.#### #..#
.........#....## #..# #.
##....#).)..##### #<.###
#.##..#............# #....#
#!..@###.#.....###.# ##.##.#
####..#..##...## #.# ...##.#
##....##.### #.# #.#.#.########
#####.#...#####.## .###.........#
#....(..#.........
#.#.#.######.###.)##.#...##......
##.##.######............######.#.
#.##..............#.#### #.#.
#.#############...#.# ####.#.


There were no monsters in sight!

Vanquished Creatures
  A hound skeleton (D:4)
  A gnoll (D:3)
  An ooze (D:1)
  An adder skeleton (D:4)
  2 dart slugs
  2 leopard geckos (D:1)
  An orc (D:4)
  2 ball pythons (D:1)
  5 bats (D:1)
  A giant cockroach (D:1)
  8 goblins
  4 hobgoblins (D:1)
  A frilled lizard (D:1)
  3 kobolds (D:1)
  A quokka skeleton (D:4)
  4 rats
38 creatures vanquished.

Vanquished Creatures (others)
  A quokka (D:3)
1 creature vanquished.

Grand Total: 39 creatures vanquished

Notes
Turn   | Place    | Note
-------+----------+-------------------------------------------
     0 | D:1      | RepoMan the Mummy Fire Elementalist began the quest for the Orb.
     0 | D:1      | Reached XP level 1. HP: 13/13 MP: 4/4
   256 | D:1      | Reached skill level 1 in Conjurations
   256 | D:1      | Reached XP level 2. HP: 16/19 MP: 0/5
   260 | D:1      | Learned a level 2 spell: Throw Flame
   745 | D:1      | Reached XP level 3. HP: 24/24 MP: 3/7
   754 | D:1      | Learned a level 3 spell: Conjure Flame
  1194 | D:2      | Noticed Sigmund
  1220 | D:2      | Noticed Robin
  1807 | D:4      | Reached XP level 4. HP: 24/30 MP: 0/8
  1979 | D:4      | Learned a level 3 spell: Inner Flame
  2001 | D:4      | Killed from afar by an orc wizard

Skill      XL: |  1  2 |
---------------+-------+-----
Conjurations   | 1 |  1.8
Spellcasting   | 3 |  3.3
Fire Magic     | 3 |  3.4
Dodging        | |  1.5
Stealth        | |  1.5

Action                   |  1- 3 |  4- 6 || total
-------------------------+-------+-------++-------
Melee: Rapier            |     2 |     1 ||     3
 Cast: Flame Tongue      |    73 |     4 ||    77
       Conjure Flame     |       |     1 ||     1
Armor: Robe              |     7 |       ||     7
Dodge: Dodged            |    19 |     2 ||    21
